[Event "FIDE World Cup O10-TB 2024"]
[Site "Batumi"]
[Date "2024.07.01"]
[Round "1.1"]
[White "Bolashakov, Nurali"]
[Black "Ling, Chenxuan"]
[Result "1/2-1/2"]
[ECO "B33"]
[WhiteElo "1843"]
[BlackElo "1868"]
[Annotator "NA RC"]
[PlyCount "58"]
[EventDate "2024.06.23"]
[EventType "swiss"]
[EventCountry "GEO"]
[SourceTitle "playchess.com"]
[Source "ChessBase"]
[SourceQuality "1"]
[TimeControl "5400+30"]

1. e4 c5 2. Nf3 Nc6 3. d4 cxd4 4. Nxd4 Nf6 5. Nc3 e5 6. Ndb5 d6 7. Nd5 Nxd5 8. exd5 Nb8 9. a4 Be7 10. Be2 O-O 11. O-O Bf5 12. f4 exf4 13. Bxf4 Bg6 14. Kh1 a6 15. Na3 Nd7 16. Nc4 Nf6 17. a5 Rc8 18. c3 Rc5 19. Nb6 Rxa5 20. Rxa5 Qxb6 21. Qa1 Ne4 22. h3 Bg5 23. Bxg5 Nxg5 24. Ra4 Ne4 25. Rf3 Nd2 26. Rff4 Qe3 27. Qe1 Re8 28. Rf2 Rf8 29. Rff4 Qb6 1/2-1/2

[Event "FIDE World Cup O10-TB 2024"]
[Site "Batumi"]
[Date "2024.07.01"]
[Round "1.2"]
[White "Zabelin, Platon"]
[Black "Chakrabarty, Reyaansh"]
[Result "0-1"]
[ECO "E06"]
[WhiteElo "1799"]
[BlackElo "2185"]
[Annotator "NA RC"]
[PlyCount "60"]
[EventDate "2024.06.23"]
[EventType "swiss"]
[EventCountry "GEO"]
[SourceTitle "playchess.com"]
[Source "ChessBase"]
[SourceQuality "1"]
[TimeControl "5400+30"]

1. d4 d5 2. c4 e6 3. Nf3 Nf6 4. g3 Be7 5. Bg2 O-O 6. O-O c6 7. Qc2 b6 8. Nbd2 Bb7 9. e4 Na6 10. e5 Nd7 11. cxd5 Nb4 12. Qb3 cxd5 13. a3 Nc6 14. Re1 Rc8 15. Bf1 f6 16. exf6 Bxf6 17. Bh3 Nxd4 18. Nxd4 Bxd4 19. Bxe6+ Kh8 20. Nf3 Nc5 21. Qd1 Nxe6 22. Rxe6 Bf6 23. Rb1 d4 24. Nd2 Qd5 25. Re4 Bg5 26. f3 Be3+ 27. Kg2 Qa2 28. Re7 Bxd2 29. Qxd2 Bxf3+ 30. Kh3 Qxb1 0-1

[Event "FIDE World Cup O10-TB 2024"]
[Site "Batumi"]
[Date "2024.07.01"]
[Round "1.3"]
[White "Shangin, Lev"]
[Black "Yu, Zechen"]
[Result "1/2-1/2"]
[ECO "D63"]
[WhiteElo "2031"]
[BlackElo "1889"]
[Annotator "NA RC"]
[PlyCount "48"]
[EventDate "2024.06.23"]
[EventType "swiss"]
[EventCountry "GEO"]
[SourceTitle "playchess.com"]
[Source "ChessBase"]
[SourceQuality "1"]
[TimeControl "5400+30"]

1. d4 Nf6 2. c4 e6 3. Nf3 d5 4. Nc3 Nbd7 5. Bg5 h6 6. Bh4 Be7 7. e3 O-O 8. Rc1 dxc4 9. Bxc4 c5 10. O-O a6 11. a4 cxd4 12. Nxd4 Ne5 13. Ba2 Bd7 14. Bg3 Nc6 15. Bb1 Rc8 16. Re1 Qb6 17. Nxc6 Bxc6 18. Be5 Rfd8 19. Qc2 Be4 20. Qe2 Bxb1 21. Rxb1 Nd5 22. Qg4 Nf6 23. Qe2 Nd5 24. Qg4 Nf6 1/2-1/2

[Event "FIDE World Cup O10-TB 2024"]
[Site "Batumi"]
[Date "2024.07.01"]
[Round "1.4"]
[White "Zhauynbay, Alimzhan"]
[Black "Vyom Malhotra"]
[Result "0-1"]
[ECO "C45"]
[WhiteElo "1903"]
[BlackElo "1803"]
[Annotator "NA RC"]
[PlyCount "100"]
[EventDate "2024.06.23"]
[EventType "swiss"]
[EventCountry "GEO"]
[SourceTitle "playchess.com"]
[Source "ChessBase"]
[SourceQuality "1"]
[TimeControl "5400+30"]

1. e4 e5 2. Nf3 Nc6 3. d4 exd4 4. Nxd4 Nf6 5. Nxc6 bxc6 6. Qe2 Rb8 7. Nc3 Bb4 8. a3 Bxc3+ 9. bxc3 O-O 10. e5 Re8 11. Bg5 d6 12. O-O-O d5 13. f4 Qe7 14. Kd2 Bg4 15. Qxg4 Nxg4 16. Bxe7 Rxe7 17. Bd3 c5 18. Rb1 Rbe8 19. Bf5 Nh6 20. Bh3 f6 21. e6 f5 22. Rhe1 c6 23. g3 g6 24. a4 Kg7 25. a5 Kf6 26. a6 Rxe6 27. Rxe6+ Kxe6 28. Rb7 Re7 29. Rb8 Nf7 30. Rc8 Nd6 31. Rb8 Ne4+ 32. Kc1 Nxc3 33. Rc8 Kd6 34. Ra8 c4 35. Rb8 Na4 36. g4 fxg4 37. Bxg4 Nc5 38. Rd8+ Kc7 39. Rh8 Nxa6 40. f5 Rf7 41. fxg6 hxg6 42. Rg8 Rf6 43. h4 c3 44. Kd1 Nb4 45. Rg7+ Kb6 46. Bd7 d4 47. Be8 d3 48. Rf7 dxc2+ 49. Kc1 Re6 50. Rf1 Re2 0-1

[Event "FIDE World Cup O10-TB 2024"]
[Site "Batumi"]
[Date "2024.07.01"]
[Round "1.5"]
[White "Ashwath Kaushik"]
[Black "Karthik, Anand T."]
[Result "0-1"]
[ECO "C02"]
[WhiteElo "2029"]
[BlackElo "2022"]
[Annotator "NA RC"]
[PlyCount "86"]
[EventDate "2024.06.23"]
[EventType "swiss"]
[EventCountry "GEO"]
[SourceTitle "playchess.com"]
[Source "ChessBase"]
[SourceQuality "1"]
[TimeControl "5400+30"]

1. e4 e6 2. d4 d5 3. e5 c5 4. c3 Nc6 5. Nf3 Bd7 6. Bd3 cxd4 7. cxd4 Qb6 8. O-O Nxd4 9. Nxd4 Qxd4 10. Qe2 Ne7 11. Nc3 a6 12. Rd1 Qb6 13. Kh1 Nc6 14. f4 Qc7 15. Bb1 g6 16. a3 Bg7 17. Ba2 O-O 18. Qf3 Kh8 19. Be3 Ne7 20. Qf2 Bc6 21. Bb6 Qc8 22. Bc5 Re8 23. Rd3 Nf5 24. Kg1 h5 25. g3 Bf8 26. Bxf8 Rxf8 27. h3 d4 28. Ne2 Bb5 29. Rd2 Bxe2 30. Rxe2 Ne3 31. g4 Qd8 32. Qg3 hxg4 33. hxg4 Kg7 34. Rf2 Rh8 35. Rh2 Rxh2 36. Kxh2 Rc8 37. Bb3 Qb6 38. f5 Qxb3 39. f6+ Kf8 40. Qh4 Qxb2+ 41. Kg3 Qg2+ 42. Kf4 Nd5+ 43. Kg5 Qd2# 0-1

[Event "FIDE World Cup O10-TB 2024"]
[Site "Batumi"]
[Date "2024.07.01"]
[Round "1.6"]
[White "Rahul Ramakrishnan"]
[Black "Mrozowski, Nikodem"]
[Result "1-0"]
[ECO "A50"]
[WhiteElo "1838"]
[BlackElo "1776"]
[Annotator "NA RC"]
[PlyCount "123"]
[EventDate "2024.06.23"]
[EventType "swiss"]
[EventCountry "GEO"]
[SourceTitle "playchess.com"]
[Source "ChessBase"]
[SourceQuality "1"]
[TimeControl "5400+30"]

1. d4 Nf6 2. c4 Nc6 3. Nc3 e5 4. d5 Ne7 5. e4 Ng6 6. Nf3 Bc5 7. Bd3 d6 8. O-O Bd7 9. Bd2 O-O 10. a3 a5 11. Rb1 a4 12. Bc2 Qe8 13. Qe2 Nh5 14. Be3 Nhf4 15. Qd2 Bxe3 16. fxe3 Nh5 17. Qe2 Nf6 18. Rfc1 Qb8 19. b4 axb3 20. Rxb3 Bg4 21. Rcb1 b6 22. h3 Bxf3 23. Qxf3 Nd7 24. a4 Nc5 25. Rb5 Qd8 26. Rf1 Qg5 27. Kh2 Ne7 28. Rbb1 g6 29. g4 Qh4 30. Qg3 Qxg3+ 31. Kxg3 Kg7 32. h4 h6 33. Nb5 Rac8 34. Ra1 Nb7 35. Rf2 Na5 36. Bd3 f6 37. Raf1 Nb3 38. g5 fxg5 39. hxg5 Rxf2 40. gxh6+ Kxh6 41. Rxf2 Ra8 42. Bc2 Na5 43. Rf7 Nc8 44. Rxc7 Kg5 45. Bd1 Kf6 46. Bg4 Ne7 47. Nxd6 Nb3 48. Nb5 Nd2 49. d6 Nxe4+ 50. Kf3 Ng5+ 51. Ke2 Nf5 52. Rc6 Rxa4 53. d7+ Ke7 54. Rxg6 Ra2+ 55. Kd3 e4+ 56. Kc3 Nxe3 57. Rg7+ Nf7 58. Rxf7+ Kxf7 59. d8=Q Nxg4 60. Qd7+ Kf6 61. Qxg4 e3 62. Qd4+ 1-0

[Event "FIDE World Cup O10-TB 2024"]
[Site "Batumi"]
[Date "2024.07.01"]
[Round "1.7"]
[White "Safin Safarullakhan"]
[Black "AlJamaat, Khaled"]
[Result "1/2-1/2"]
[ECO "D04"]
[WhiteElo "1879"]
[BlackElo "1644"]
[Annotator "NA RC"]
[PlyCount "113"]
[EventDate "2024.06.23"]
[EventType "swiss"]
[EventCountry "GEO"]
[SourceTitle "playchess.com"]
[Source "ChessBase"]
[SourceQuality "1"]
[TimeControl "5400+30"]

1. Nf3 d5 2. d4 Nf6 3. e3 c5 4. b3 Nc6 5. Bd3 Bg4 6. Bb2 e6 7. O-O cxd4 8. exd4 Bd6 9. c4 dxc4 10. bxc4 O-O 11. h3 Bh5 12. Nbd2 Rc8 13. Ne4 Nxe4 14. Bxe4 Bg6 15. Bxg6 hxg6 16. d5 exd5 17. cxd5 Nb4 18. Kh1 Bc5 19. a3 Nxd5 20. Rc1 Nf6 21. Qa4 Re8 22. Ng5 Qd5 23. Bxf6 gxf6 24. Nf3 Qf5 25. Rc4 b6 26. Qxa7 b5 27. Rxc5 Qxc5 28. Qd7 Re7 29. Qd3 Qc4 30. Qb1 Ra7 31. Nd2 Qc5 32. Ne4 Qe5 33. f4 Qe6 34. f5 Qe5 35. fxg6 Rc6 36. gxf7+ Rxf7 37. Qd3 Re6 38. Nc3 Kf8 39. Nxb5 Rg7 40. Qd8+ Kf7 41. Nc7 Rd6 42. Qh8 Rc6 43. Na8 Qe2 44. Rg1 Rc1 45. Qxg7+ Kxg7 46. Rxc1 Qa6 47. Nc7 Qxa3 48. Rf1 Qd3 49. Re1 Qc3 50. Ne8+ Kf8 51. Re4 Qc6 52. Re2 Qc4 53. Re1 Qc3 54. Re4 Qc6 55. Re2 Qc1+ 56. Kh2 Qf4+ 57. Kg1 1/2-1/2

[Event "FIDE World Cup O10-TB 2024"]
[Site "Batumi"]
[Date "2024.07.01"]
[Round "1.8"]
[White "Modith Aaroh Mutyalapati"]
[Black "Ramesan, Raunak Amit"]
[Result "0-1"]
[ECO "C80"]
[WhiteElo "1866"]
[BlackElo "1772"]
[Annotator "NA RC"]
[PlyCount "88"]
[EventDate "2024.06.23"]
[EventType "swiss"]
[EventCountry "GEO"]
[SourceTitle "playchess.com"]
[Source "ChessBase"]
[SourceQuality "1"]
[TimeControl "5400+30"]

1. e4 e5 2. Nf3 Nc6 3. Bb5 a6 4. Ba4 Nf6 5. O-O Nxe4 6. d4 b5 7. Bb3 d5 8. dxe5 Be6 9. Nbd2 Nc5 10. Re1 Be7 11. h3 O-O 12. Qe2 Qd7 13. c3 Nxb3 14. Nxb3 Nd8 15. Be3 Nb7 16. Nfd4 c5 17. Nxe6 fxe6 18. f4 c4 19. Nd4 Bc5 20. Qg4 Bxd4 21. Bxd4 g6 22. Rf1 Rf7 23. b3 Na5 24. Bb6 Nc6 25. bxc4 bxc4 26. Rab1 Rff8 27. Bc5 Rfb8 28. Qe2 Rb5 29. Bd6 Ra7 30. g4 Qg7 31. a4 Rxb1 32. Rxb1 Rb7 33. Rxb7 Qxb7 34. Kh2 Qb1 35. Qe3 Qd3 36. Qf2 Qxc3 37. f5 Qd4 38. Qf1 Qd2+ 39. Kh1 Qd3 40. Qf4 Qxh3+ 41. Kg1 exf5 42. gxf5 Qxf5 43. Qh4 c3 44. Qg3 c2 0-1

[Event "FIDE World Cup O10-TB 2024"]
[Site "Batumi"]
[Date "2024.07.01"]
[Round "1.9"]
[White "Guntaka, Aayansh"]
[Black "Azimov, Yasin"]
[Result "1/2-1/2"]
[ECO "B90"]
[WhiteElo "1872"]
[BlackElo "1833"]
[Annotator "NA RC"]
[PlyCount "105"]
[EventDate "2024.06.23"]
[EventType "swiss"]
[EventCountry "GEO"]
[SourceTitle "playchess.com"]
[Source "ChessBase"]
[SourceQuality "1"]
[TimeControl "5400+30"]

1. e4 c5 2. Nf3 d6 3. d4 cxd4 4. Nxd4 Nf6 5. Nc3 a6 6. Be3 e5 7. Nf3 Be7 8. Bc4 O-O 9. O-O Nbd7 10. h3 Qc7 11. Bb3 b5 12. a4 b4 13. Nd5 Nxd5 14. Bxd5 Rb8 15. a5 Rb5 16. Ra4 Bb7 17. Bxb7 Qxb7 18. Nd2 Nf6 19. Bg5 d5 20. Bxf6 Bxf6 21. exd5 Rxd5 22. Qf3 Qd7 23. Ne4 Be7 24. Raa1 f5 25. Ng3 e4 26. Qb3 Kh8 27. Rfe1 Rd8 28. Ne2 Qc7 29. c3 bxc3 30. Nxc3 Rxa5 31. Rad1 Bd6 32. Nd5 Qb8 33. Qxb8 Rxb8 34. Ne3 Bb4 35. Re2 Rc5 36. Nc2 a5 37. Nxb4 axb4 38. Red2 h5 39. Rd7 Rcb5 40. Rf7 R8b7 41. Rxb7 Rxb7 42. Rd4 g6 43. Kf1 Kg7 44. f3 exf3 45. gxf3 Rb6 46. h4 Kf6 47. b3 Ke5 48. Rc4 f4 49. Kf2 Rb5 50. Ke2 Kf5 51. Kf2 g5 52. hxg5 Kxg5 53. Kg2 1/2-1/2

[Event "FIDE World Cup O10-TB 2024"]
[Site "Batumi"]
[Date "2024.07.01"]
[Round "1.10"]
[White "Lazarev, Egor"]
[Black "Kalinichenko, German Yu"]
[Result "1-0"]
[ECO "C58"]
[WhiteElo "1683"]
[BlackElo "1634"]
[Annotator "NA RC"]
[PlyCount "51"]
[EventDate "2024.06.23"]
[EventType "swiss"]
[EventCountry "GEO"]
[SourceTitle "playchess.com"]
[Source "ChessBase"]
[SourceQuality "1"]
[TimeControl "5400+30"]

1. e4 e5 2. Nf3 Nc6 3. Bc4 Nf6 4. Ng5 d5 5. exd5 Na5 6. Bb5+ c6 7. dxc6 bxc6 8. Bd3 Ng4 9. Ne4 f5 10. Be2 fxe4 11. Bxg4 Bc5 12. O-O O-O 13. Bxc8 Rxc8 14. Nc3 Qd4 15. Qe2 Rf4 16. d3 exd3 17. cxd3 Rf5 18. Be3 Qb4 19. a3 Qh4 20. Bxc5 Nb3 21. Be3 Nxa1 22. Rxa1 Rcf8 23. h3 R8f6 24. Qg4 Rh5 25. Qxh4 Rxh4 26. Bg5 1-0

[Event "FIDE World Cup O10-TB 2024"]
[Site "Batumi"]
[Date "2024.07.01"]
[Round "1.11"]
[White "Eshkol, Idan"]
[Black "Shen, Houlin"]
[Result "0-1"]
[ECO "A01"]
[WhiteElo "1544"]
[BlackElo "1583"]
[Annotator "NA RC"]
[PlyCount "152"]
[EventDate "2024.06.23"]
[EventType "swiss"]
[EventCountry "GEO"]
[SourceTitle "playchess.com"]
[Source "ChessBase"]
[SourceQuality "1"]
[TimeControl "5400+30"]

1. b3 e5 2. Bb2 d6 3. e3 Nf6 4. Nc3 Be7 5. Nf3 O-O 6. Be2 Re8 7. d3 Bf8 8. O-O d5 9. Re1 c6 10. Qd2 Bg4 11. Rad1 Nbd7 12. h3 Bxf3 13. Bxf3 Qc7 14. g3 b5 15. Bg2 b4 16. Ne2 a5 17. f4 exf4 18. gxf4 Bc5 19. Ng3 Qxf4 20. Nf1 Qc7 21. Re2 a4 22. Bf3 axb3 23. axb3 Bd6 24. Rg2 Be5 25. Bxe5 Nxe5 26. Qf2 Nxf3+ 27. Qxf3 Qe5 28. Re1 Kh8 29. Ng3 Ra1 30. Rxa1 Qxa1+ 31. Kh2 Qe5 32. Re2 h5 33. Kg1 h4 34. Nf5 g6 35. Nxh4 Kg7 36. Rg2 Kh7 37. Rf2 Kg7 38. Ng2 Re7 39. Re2 Nh5 40. Kf2 Re6 41. Kg1 Ng3 42. Rf2 Nf5 43. Nf4 Re7 44. Re2 Nxe3 45. Ng2 d4 46. Qxc6 Rc7 47. Qb6 Rxc2 48. Rxc2 Nxc2 49. Qc6 Ne3 50. Qf3 Qg5 51. Qf2 f5 52. Qb2 Qxg2+ 53. Qxg2 Nxg2 54. Kxg2 Kh6 55. h4 Kh5 56. Kf3 Kxh4 57. Kf4 g5+ 58. Kxf5 g4 59. Ke4 g3 60. Kxd4 g2 61. Kc4 g1=Q 62. Kxb4 Qd4+ 63. Ka5 Qxd3 64. b4 Qd8+ 65. Ka6 Qb8 66. b5 Kg5 67. b6 Kf6 68. Kb5 Ke5 69. Kc6 Qc8+ 70. Kb5 Kd5 71. Ka5 Kc4 72. b7 Qb8 73. Kb6 Kd5 74. Ka6 Kc5 75. Ka5 Qxb7 76. Ka4 Qb4# 0-1

[Event "FIDE World Cup O10-TB 2024"]
[Site "Batumi"]
[Date "2024.07.01"]
[Round "1.12"]
[White "Akramov, Khasan"]
[Black "Hummatov, Safa"]
[Result "1-0"]
[ECO "A34"]
[WhiteElo "1718"]
[BlackElo "1693"]
[Annotator "NA RC"]
[PlyCount "85"]
[EventDate "2024.06.23"]
[EventType "swiss"]
[EventCountry "GEO"]
[SourceTitle "playchess.com"]
[Source "ChessBase"]
[SourceQuality "1"]
[TimeControl "5400+30"]

1. c4 c5 2. g3 Nf6 3. Bg2 d5 4. cxd5 Nxd5 5. Nc3 Nc7 6. a3 Nc6 7. b4 cxb4 8. axb4 Nxb4 9. Ba3 Nbd5 10. Nxd5 Nxd5 11. Nf3 e6 12. Bxf8 Kxf8 13. O-O g6 14. e4 Nf6 15. Re1 Kg7 16. e5 Nd5 17. d4 Bd7 18. Nd2 Bc6 19. Ne4 Ne7 20. Nd6 Nf5 21. d5 Bxd5 22. Bxd5 Nxd6 23. exd6 exd5 24. Qxd5 Qf6 25. Ra4 Rad8 26. Rf4 Rxd6 27. Qxb7 Rb6 28. Qxa7 Ra6 29. Qb7 Rb6 30. Qf3 Qd6 31. Rxf7+ Kh6 32. Qg4 Rb5 33. h4 Rf8 34. Rxf8 Qxf8 35. Qd7 Rb2 36. Qa7 Qf3 37. Qc5 Qf6 38. Qe3+ Kg7 39. Qa7+ Kf8 40. Re4 Rb1+ 41. Kh2 Ra1 42. Qb8+ Kg7 43. Rf4 1-0

[Event "FIDE World Cup O10-TB 2024"]
[Site "Batumi"]
[Date "2024.07.01"]
[Round "1.14"]
[White "Bergmann, Rafael Antonio"]
[Black "Jakhaia, Andria"]
[Result "1-0"]
[ECO "B45"]
[WhiteElo "1743"]
[BlackElo "1652"]
[Annotator "NA RC"]
[PlyCount "65"]
[EventDate "2024.06.23"]
[EventType "swiss"]
[EventCountry "GEO"]
[SourceTitle "playchess.com"]
[Source "ChessBase"]
[SourceQuality "1"]
[TimeControl "5400+30"]

1. e4 c5 2. Nf3 Nc6 3. d4 cxd4 4. Nxd4 e6 5. Nc3 Nf6 6. Ndb5 Bb4 7. a3 Bxc3+ 8. Nxc3 d5 9. exd5 exd5 10. Bd3 O-O 11. O-O d4 12. Ne2 Bg4 13. f3 Bh5 14. b4 Qb6 15. Kh1 Rfd8 16. Nf4 Bg6 17. Nxg6 hxg6 18. Bb2 Nd5 19. Qd2 Rac8 20. Rfe1 Re8 21. Be4 Rcd8 22. Bxd5 Rxe1+ 23. Qxe1 Rxd5 24. Qe8+ Kh7 25. Qxf7 Re5 26. Qc4 Re3 27. Rg1 a6 28. Rd1 Qd8 29. Bc1 Ne5 30. Qe6 Re2 31. Bf4 Qh4 32. Bg3 Qg5 33. f4 1-0

[Event "FIDE World Cup O10-TB 2024"]
[Site "Batumi"]
[Date "2024.07.01"]
[Round "1.15"]
[White "Macosay Lopez, Julio David"]
[Black "Xia, Joshua"]
[Result "0-1"]
[ECO "B21"]
[WhiteElo "1607"]
[BlackElo "2060"]
[Annotator "NA RC"]
[PlyCount "122"]
[EventDate "2024.06.23"]
[EventType "swiss"]
[EventCountry "GEO"]
[SourceTitle "playchess.com"]
[Source "ChessBase"]
[SourceQuality "1"]
[TimeControl "5400+30"]

1. e4 c5 2. d4 cxd4 3. c3 dxc3 4. Nxc3 Nc6 5. Nf3 d6 6. Bc4 a6 7. e5 dxe5 8. Qxd8+ Nxd8 9. Nxe5 e6 10. Be3 Bd6 11. Bd4 Nf6 12. O-O-O O-O 13. h3 b5 14. Bb3 Bb7 15. Rhg1 Rc8 16. Kb1 Be7 17. g4 Nc6 18. Nxc6 Bxc6 19. g5 Ne4 20. h4 Nxc3+ 21. Bxc3 Bf3 22. Rd7 Bc5 23. Bxe6 b4 24. Be5 Be4+ 25. Ka1 Rce8 26. Rc1 Bxf2 27. Bd6 fxe6 28. Bxf8 Rxf8 29. a3 bxa3 30. bxa3 Bd5 31. Kb2 Bd4+ 32. Kb1 Rb8+ 33. Kc2 Rc8+ 34. Kd1 Bb3+ 35. Kd2 Be3+ 36. Kxe3 Rxc1 37. Rd8+ Kf7 38. Rd7+ Kf8 39. Rd8+ Kf7 40. Rd7+ Kg6 41. h5+ Kxg5 42. Rxg7+ Kxh5 43. Rxh7+ Kg6 44. Ra7 Rc6 45. Kd3 Kf5 46. Rf7+ Ke5 47. Rb7 Ba4 48. Rb4 Bb5+ 49. Kd2 Rc4 50. Rb3 Kd5 51. Rh3 Rd4+ 52. Kc3 Rd3+ 53. Rxd3+ Bxd3 54. Kxd3 e5 55. a4 a5 56. Ke3 e4 57. Ke2 Kc4 58. Ke3 Kb4 59. Kxe4 Kxa4 60. Kd3 Kb3 61. Kd2 Kb2 0-1

[Event "FIDE World Cup O10-TB 2024"]
[Site "Batumi"]
[Date "2024.07.01"]
[Round "1.16"]
[White "Kazimzade, Mahammad"]
[Black "Ismailov, Omarbek"]
[Result "1-0"]
[ECO "B22"]
[WhiteElo "1594"]
[BlackElo "1716"]
[Annotator "NA RC"]
[PlyCount "51"]
[EventDate "2024.06.23"]
[EventType "swiss"]
[EventCountry "GEO"]
[SourceTitle "playchess.com"]
[Source "ChessBase"]
[SourceQuality "1"]
[TimeControl "5400+30"]

1. e4 c5 2. c3 e5 3. Nf3 Nc6 4. d4 cxd4 5. cxd4 exd4 6. Nxd4 Bc5 7. Nxc6 Qf6 8. Qc2 Qxc6 9. Nc3 Bb4 10. Bd2 Ne7 11. Bd3 b6 12. O-O O-O 13. Rac1 Bb7 14. Qb3 Bxc3 15. Bxc3 Qg6 16. f4 Nf5 17. Rf3 Qh5 18. Rh3 Qg4 19. Qc2 Qxf4 20. exf5 f6 21. Rf1 Qd6 22. Qe2 Qc6 23. Rd1 Rae8 24. Qg4 Qc5+ 25. Kh1 Qf2 26. Rf1 1-0

[Event "FIDE World Cup O10-TB 2024"]
[Site "Batumi"]
[Date "2024.07.01"]
[Round "1.18"]
[White "Makhsatuly, Rakhim"]
[Black "TURKI, YOUSEF HATTAN A"]
[Result "1-0"]
[ECO "C08"]
[WhiteElo "1630"]
[BlackElo "1401"]
[Annotator "NA RC"]
[PlyCount "55"]
[EventDate "2024.06.23"]
[EventType "swiss"]
[EventCountry "GEO"]
[SourceTitle "playchess.com"]
[Source "ChessBase"]
[SourceQuality "1"]
[TimeControl "5400+30"]

1. e4 e6 2. d4 d5 3. Nd2 c5 4. exd5 exd5 5. Bb5+ Nc6 6. Ngf3 Nf6 7. O-O Be7 8. dxc5 Bxc5 9. Nb3 Be7 10. Re1 O-O 11. c3 a6 12. Bd3 Bg4 13. Be3 Qc7 14. Nbd4 Bd6 15. h3 Bh5 16. Qc2 h6 17. Qd2 Bg6 18. Bxg6 fxg6 19. Ne6 Qd7 20. Nxf8 Bxf8 21. Nd4 Ne4 22. Qc2 Nxd4 23. Bxd4 Bd6 24. Qb3 Rf8 25. Qxd5+ Kh7 26. Qxe4 Bb8 27. Qe7 Qxe7 28. Rxe7 1-0

[Event "FIDE World Cup O10-TB 2024"]
[Site "Batumi"]
[Date "2024.07.01"]
[Round "1.19"]
[White "Obado, Sean Adrich"]
[Black "Muhammad Shayan Noushad Ibrahi"]
[Result "0-1"]
[ECO "B12"]
[WhiteElo "1631"]
[BlackElo "1785"]
[Annotator "NA RC"]
[PlyCount "56"]
[EventDate "2024.06.23"]
[EventType "swiss"]
[EventCountry "GEO"]
[SourceTitle "playchess.com"]
[Source "ChessBase"]
[SourceQuality "1"]
[TimeControl "5400+30"]

1. e4 c6 2. d4 d5 3. e5 Bf5 4. Ne2 e6 5. Ng3 Bg6 6. h4 h6 7. h5 Bh7 8. Bd3 Bxd3 9. cxd3 Ne7 10. Qg4 Nd7 11. O-O c5 12. dxc5 Nxe5 13. Qe2 N7c6 14. d4 Nd7 15. Be3 Qh4 16. Nc3 Be7 17. Rfd1 O-O 18. b4 Rae8 19. a4 f5 20. a5 f4 21. b5 Nd8 22. c6 bxc6 23. bxc6 Nxc6 24. Bxf4 Bb4 25. Bd2 Nxd4 26. Qf1 Ne5 27. Nh1 Nef3+ 28. gxf3 Nxf3+ 0-1

[Event "FIDE World Cup O10-TB 2024"]
[Site "Batumi"]
[Date "2024.07.01"]
[Round "1.20"]
[White "Akramov, Khusan"]
[Black "Tsulaia, Giorgi"]
[Result "1/2-1/2"]
[ECO "A20"]
[WhiteElo "1477"]
[BlackElo "1646"]
[Annotator "NA RC"]
[PlyCount "103"]
[EventDate "2024.06.23"]
[EventType "swiss"]
[EventCountry "GEO"]
[SourceTitle "playchess.com"]
[Source "ChessBase"]
[SourceQuality "1"]
[TimeControl "5400+30"]

1. c4 e5 2. g3 c6 3. Bg2 d5 4. cxd5 cxd5 5. d4 e4 6. a3 Nc6 7. Nc3 Be6 8. e3 a6 9. h3 Bd6 10. Nge2 f5 11. Nf4 Bxf4 12. gxf4 Nf6 13. Bd2 O-O 14. O-O b5 15. Kh2 Qe8 16. Rg1 Qh5 17. Qxh5 Nxh5 18. f3 Nf6 19. Rac1 Rac8 20. fxe4 fxe4 21. Bf1 Nb8 22. Be2 Kh8 23. Na2 Rxc1 24. Rxc1 Rc8 25. Bb4 Rxc1 26. Nxc1 Nfd7 27. Nb3 Kg8 28. Bd6 Nc6 29. Nc5 Nxc5 30. Bxc5 Na5 31. Bb4 Nc4 32. Bxc4 bxc4 33. Kg3 Kf7 34. Bd6 g6 35. Be5 h5 36. Bd6 Ke8 37. Bc5 Kd7 38. h4 Kc6 39. Bb4 Bg4 40. Kf2 Kb5 41. Ke1 Ka4 42. Kd2 Kb3 43. Bc3 Bf3 44. Kc1 Be2 45. Bb4 Ka4 46. Kd2 Bg4 47. Kc3 Bd1 48. Kd2 Bf3 49. Kc3 Bd1 50. Kd2 Bf3 51. Kc3 Bd1 52. Kd2 1/2-1/2

[Event "FIDE World Cup O10-TB 2024"]
[Site "Batumi"]
[Date "2024.07.01"]
[Round "1.21"]
[White "Chkhartishvili, Lazare"]
[Black "Kiringoda, Thehas Rithmitha"]
[Result "1-0"]
[ECO "D05"]
[WhiteElo "1608"]
[BlackElo "1641"]
[Annotator "NA RC"]
[PlyCount "85"]
[EventDate "2024.06.23"]
[EventType "swiss"]
[EventCountry "GEO"]
[SourceTitle "playchess.com"]
[Source "ChessBase"]
[SourceQuality "1"]
[TimeControl "5400+30"]

1. d4 d5 2. Nf3 Nf6 3. e3 e6 4. Bd3 Bd6 5. O-O O-O 6. Nbd2 c5 7. b3 Nc6 8. Bb2 b6 9. Ne5 Ne7 10. f4 Bb7 11. Rf3 Ne4 12. Bxe4 dxe4 13. Rh3 Bxe5 14. Qh5 h6 15. Qxe5 Nc6 16. Qxe4 Nxd4 17. Qxb7 Ne2+ 18. Kf1 Qxd2 19. Qf3 Nc3 20. e4 Nb5 21. Bxg7 Nd4 22. Qg3 Qe2+ 23. Kg1 Qxe4 24. Bxd4+ Qg6 25. Qh4 cxd4 26. Rg3 Kh7 27. Rxg6 Kxg6 28. Qg4+ Kf6 29. f5 e5 30. Qh4+ Kxf5 31. Qxh6 f6 32. Rf1+ Ke6 33. Qh3+ Ke7 34. Qf5 Rf7 35. h4 Rg8 36. g4 Rh8 37. g5 Rxh4 38. g6 Rf8 39. g7 Rg8 40. Qxf6+ Kd7 41. Qf7+ Kd6 42. Rf6+ Kc5 43. Qc4# 1-0

[Event "FIDE World Cup O10-TB 2024"]
[Site "Batumi"]
[Date "2024.07.01"]
[Round "1.22"]
[White "Jibladze, Nikoloz"]
[Black "Wee, Yu Xi Lyndon"]
[Result "1-0"]
[ECO "C16"]
[WhiteElo "1612"]
[BlackElo "1408"]
[Annotator "NA RC"]
[PlyCount "43"]
[EventDate "2024.06.23"]
[EventType "swiss"]
[EventCountry "GEO"]
[SourceTitle "playchess.com"]
[Source "ChessBase"]
[SourceQuality "1"]
[TimeControl "5400+30"]

1. e4 e6 2. d4 d5 3. Nc3 Bb4 4. e5 Ne7 5. a3 Ba5 6. b4 Bb6 7. Na4 Bd7 8. Nc5 Nbc6 9. Nxb7 Qb8 10. Nc5 Bxc5 11. bxc5 Nf5 12. Nf3 O-O 13. c3 Na5 14. Bd3 Qb3 15. O-O Ba4 16. Qe2 Nc4 17. g4 Qxc3 18. gxf5 Qxa1 19. f6 g6 20. Bxc4 dxc4 21. Qe3 c3 22. Qh6 1-0

[Event "FIDE World Cup O10-TB 2024"]
[Site "Batumi"]
[Date "2024.07.01"]
[Round "1.24"]
[White "Popov, Aleksandr And"]
[Black "Dien James"]
[Result "1-0"]
[ECO "B01"]
[WhiteElo "1661"]
[BlackElo "1419"]
[Annotator "NA RC"]
[PlyCount "41"]
[EventDate "2024.06.23"]
[EventType "swiss"]
[EventCountry "GEO"]
[SourceTitle "playchess.com"]
[Source "ChessBase"]
[SourceQuality "1"]
[TimeControl "5400+30"]

1. e4 d5 2. exd5 Qxd5 3. Nc3 Qd6 4. d4 Nc6 5. Nb5 Qd7 6. Bf4 e5 7. dxe5 Qe7 8. e6 Qb4+ 9. Qd2 Qe4+ 10. Be2 Nb4 11. Nxc7+ Ke7 12. O-O-O Nxa2+ 13. Kb1 Bxe6 14. Nxa8 Kf6 15. Bg5+ Ke5 16. f4+ Kf5 17. g4+ Kg6 18. Bd3 Bxg4 19. Bxe4+ Kh5 20. Qf2 Bxd1 21. Qh4# 1-0